 Dungeon Sprint DCSS version 0.27-a0-1273-gec92ba881d (webtiles) character file.

Game seed: 2314149725580225630

19154 mhtbhm the Severer (level 12, -2/166 HPs)
             Began as a Demonspawn Berserker on June 12, 2021.
             Was the Champion of Trog.
             Killed from afar by a frost giant (45 damage)
             ... with a bolt of cold
             ... in the Dungeon (Sprint IX: "|||||||||||||||||||||||||||||").
             The game lasted 00:08:17 (4032 turns).

mhtbhm the Severer (Demonspawn Berserker)           Turns: 4032, Time: 00:08:17

Health: -2/166     AC: 24    Str: 22    XL:     12   Next: 34%
Magic:  12/12      EV: 14    Int:  9    God:    Trog [******]
Gold:   705        SH: 14    Dex: 13    Spells: 11/11 levels left

rFire    + . .     SeeInvis .   a - +6 war axe of Ewoufileda {flame, rPois}
rCold    . . .     Faith    .   H - +1 tower shield
rNeg     . . .     Spirit   .   b - +2 chain mail {rPois}
rPois    +         Reflect  .   k - +0 helmet
rElec    .         Harm     .   o - +1 cloak {rPois}
rCorr    .         Rampage  .   v - +0 pair of gloves
Will     .....     NoTele   +   w - +0 pair of boots
Stlth    ..........             (no amulet)
HPRegen  0.37/turn              l - +2 ring of evasion
MPRegen  0.13/turn              D - ring of protection from fire

@: mighty, agile, berserking (expiring), very quick
A: talons 1, molten scales 1, powered by pain 1, demonic magic 1
a: Renounce Religion, Berserk, Trog's Hand, Brothers in Arms


You were in the Dungeon.
You worshipped Trog.
Trog was exalted by your worship.
You visited 1 branch You collected 1941 gold pieces.
You spent 1236 gold pieces at shops.

Inventory:

Hand Weapons
 a - the +6 war axe of Ewoufileda (weapon) {flame, rPois}
   (Trog gifted it to you in the Dungeon)

   It has been specially enchanted to burn those struck by it, causing extra
   injury to most foes and up to half again as much damage against particularly
   susceptible opponents.
   Big, fiery blades are also staple armaments of hydra-hunters.
   It protects you from poison.
 C - a +2 broad axe of freezing
Missiles
 u - 19 poisoned darts
 x - 5 curare-tipped darts (quivered)
 y - a throwing net
Armour
 b - a +2 chain mail of poison resistance (worn)
 k - a +0 helmet (worn)
 o - a +1 cloak of poison resistance (worn)
 v - a +0 pair of gloves (worn)
 w - a +0 pair of boots (worn)
 H - a +1 tower shield (worn)
Jewellery
 l - a +2 ring of evasion (left hand)
 D - a ring of protection from fire (right hand)
 F - a ring of protection from cold
Wands
 j - a wand of acid (2)
 n - a wand of mindburst (5)
Scrolls
 h - a scroll of blinking
 q - 8 scrolls of enchant armour
 r - 2 scrolls of fog
 s - a scroll of identify
 t - 3 scrolls of enchant weapon
 I - a scroll of fear
Potions
 c - 11 potions of curing
 d - 6 potions of heal wounds
 e - 7 potions of haste
 f - 4 potions of magic
 g - 2 potions of berserk rage
 i - a potion of invisibility
 p - 2 potions of mutation
 z - a potion of might
 A - a potion of cancellation
 B - a potion of lignification


   Skills:
 + Level 15.8 Fighting
 + Level 18.6 Axes
 + Level 0.6 Throwing
 + Level 13.3 Armour
 + Level 8.6 Dodging
 + Level 3.6 Stealth
 + Level 2.0 Shields
 + Level 4.0 Evocations


You had 11 spell levels left.
You didn't know any spells.
Your spell library was empty.

Dungeon Overview and Level Annotations

Branches:
Dungeon (1/1)

Altars:
Cheibriados
Dithmenos
Elyvilon
Fedhas
Gozag
Hepliaklqana
Kikubaaqudgha
Makhleb
Nemelex Xobeh
Okawaru
Qazlal
Ru
Sif Muna
Trog
Uskayaw
Vehumet
Wu Jian
Xom
Yredelemnul
Zin
The Shining One
Beogh
Jiyva
Lugonu

Shops:
D *(:


Innate Abilities, Weirdness & Mutations

You have sharp toenails.
You are partially covered in molten scales. (AC +2)
You sometimes gain a little power by taking damage.
Spells you cast may paralyse adjacent enemies.


Message History

Unknown command.
You slice the fire dragon!! You burn the fire dragon.
The fire dragon is almost dead.
Unknown command.
You slash the fire dragon!
You kill the fire dragon!
Trog accepts your kill.
The frost giant points at you and mumbles some strange words.
The bolt of cold misses you.
Your Shields skill increases to level 2!
Your Evocations skill increases to level 4!
The frost giant gestures at you while chanting.
The bolt of cold hits you!
Unknown command.
You hit the frost giant. You burn the frost giant.
The frost giant is lightly wounded.
The frost giant hits you with a +2 battleaxe of freezing!
The frost giant freezes you.
Unknown command.
You hit the frost giant. You burn the frost giant.
The frost giant is lightly wounded.
Unknown command.
You slice the frost giant!! You burn the frost giant!
The frost giant is moderately wounded.
The frost giant points at you and mumbles some strange words.
The bolt of cold hits you!!
You focus on the pain.
You feel mightier all of a sudden.
Unknown command.
You slash the frost giant! You burn the frost giant.
The frost giant is heavily wounded.
The frost giant gestures at you while chanting.
The bolt of cold hits you!!!
* * * LOW HITPOINT WARNING * * *
You focus on the pain.
You feel agile all of a sudden.
You slice the frost giant!! You burn the frost giant!
The frost giant is severely wounded.
The frost giant points at you and mumbles some strange words.
The bolt of cold hits you!!!
You die...

▓_▓.▓.▓.▓)▓.▓.▓
▓_▓.▓.▓.▓)▓.▓[▓
▓_▓.▓'▓.▓)▓.▓[▓
▓_▓.▓.▓.▓)▓.▓)▓
▓_▓.▓.▓.▓)▓.▓.▓
▓_▓.▓.▓.▓)▓.▓!▓
▓_▓.▓.▓.▓)▓.▓!▓
▓_▓.▓.▓.▓.▓.▓.▓
▓_▓.▓.▓.▓.▓.▓@▓
▓_▓.▓.▓.▓.▓)▓C▓
▓_▓.▓.▓.▓.▓.▓)▓
▓_▓.▓.▓.▓)▓.▓.▓
▓'▓.▓)▓.▓)▓.▓.▓
▓.▓.▓†▓.▓)▓.▓(▓
▓?▓.▓†▓.▓)▓.▓)▓
▓)▓)▓.▓.▓)▓.▓)▓
▓.▓.▓.▓.▓)▓.▓u▓


You could see a frost giant.

Vanquished Creatures
  A fire dragon (D)
  2 hydras (D)
  2 boulder beetles (D)
  Harold (D)
  Erica (D)
  A centaur warrior (D)
  Sonja (D)
  A wizard (D)
  A deep elf pyromancer (D)
  An orc knight (D)
  A wolf spider (D)
  2 manticores (D)
  6 orc sorcerers (D)
  A cyclops (D)
  An ugly thing (D)
  2 black mambas (D)
  Maurice (D)
  2 cane toads (D)
  A gargoyle (D)
  A kobold demonologist (D)
  2 komodo dragons (D)
  A slime creature (D)
  5 yaks (D)
  2 wyverns (D)
  2 wargs (D)
  A water moccasin (D)
  3 hell hounds (D)
  6 orc warriors (D)
  4 wolves (D)
  2 scorpions (D)
  3 bullfrogs (D)
  A killer bee (D)
  A jelly (D)
  A hound (D)
  5 orc priests (D)
  8 orc wizards (D)
  A gnoll (D)
  A dart slug (D)
  6 orcs (D)
  A goblin (D)
  A hobgoblin (D)
  A ball python (D)
  A jackal zombie (D)
  A rat (D)
90 creatures vanquished.

Vanquished Creatures (collateral kills)
  A stone giant (D)
  An ettin (D)
  A deep troll earth mage (D)
  An ugly thing (D)
  A komodo dragon (shapeshifter) (D)
  A tengu conjurer (D)
  2 orc warriors (D)
  An orc priest (D)
  2 orc wizards (D)
  An orc (D)
12 creatures vanquished.

Vanquished Creatures (others)
  An orc wizard (D)
1 creature vanquished.

Grand Total: 103 creatures vanquished

Notes
Turn   | Place    | Note
-------+----------+-------------------------------------------
     0 | D        | mhtbhm the Demonspawn Berserker began the quest for the
                  | Orb.
     0 | D        | Reached XP level 1. HP: 18/18 MP: 1/1
     6 | D        | Reached skill level 3 in Axes
     8 | D        | Reached ** piety under Trog
   336 | D        | Noticed a scorpion
   336 | D        | Noticed a jelly
   336 | D        | Noticed a scorpion
   336 | D        | Noticed a hound
   341 | D        | HP: 1/28 [scorpion (7)]
   344 | D        | Killed a scorpion
   345 | D        | Reached skill level 5 in Fighting
   345 | D        | Reached skill level 5 in Axes
   345 | D        | Gained mutation: You are partially covered in molten
                  | scales. (AC +2) [demonic ancestry]
   345 | D        | Reached XP level 2. HP: 3/27 MP: 2/2
   345 | D        | Reached XP level 3. HP: 3/33 MP: 3/3
   345 | D        | Reached XP level 4. HP: 4/39 MP: 4/4
   346 | D        | Reached *** piety under Trog
   632 | D        | Killed a scorpion
   633 | D        | Reached skill level 6 in Axes
   633 | D        | Reached XP level 5. HP: 47/47 MP: 5/5
   639 | D        | Reached skill level 7 in Axes
   688 | D        | Found a snail-covered altar of Cheibriados.
   688 | D        | Found a shadowy altar of Dithmenos.
   688 | D        | Found a blossoming altar of Fedhas.
   688 | D        | Found an opulent altar of Gozag.
   689 | D        | Found a hazy altar of Hepliaklqana.
   690 | D        | Found a viscous altar of Jiyva.
   691 | D        | Found an ancient bone altar of Kikubaaqudgha.
   692 | D        | Found a corrupted altar of Lugonu.
   693 | D        | Found a burning altar of Makhleb.
   694 | D        | Found a sparkling altar of Nemelex Xobeh.
   695 | D        | Found an iron altar of Okawaru.
   696 | D        | Found a stormy altar of Qazlal.
   697 | D        | Found a sacrificial altar of Ru.
   698 | D        | Found a shimmering blue altar of Sif Muna.
   699 | D        | Found a bloodstained altar of Trog.
   700 | D        | Found a hide-covered altar of Uskayaw.
   701 | D        | Found a radiant altar of Vehumet.
   702 | D        | Found an ornate altar of the Wu Jian Council.
   703 | D        | Found a shimmering altar of Xom.
   704 | D        | Found a basalt altar of Yredelemnul.
   750 | D        | Noticed a wyvern
   750 | D        | Noticed a kobold demonologist
   750 | D        | Noticed a yak
   750 | D        | Noticed a wyvern
   760 | D        | Killed a wyvern
   760 | D        | Reached **** piety under Trog
   761 | D        | Reached skill level 8 in Axes
   761 | D        | Reached skill level 5 in Dodging
   761 | D        | Reached skill level 1 in Stealth
   761 | D        | Reached XP level 6. HP: 56/56 MP: 6/6
   770 | D        | Killed a kobold demonologist
   771 | D        | Reached skill level 9 in Axes
   771 | D        | Gained mutation: Spells you cast may paralyse adjacent
                  | enemies. [demonic ancestry]
   771 | D        | Reached XP level 7. HP: 64/64 MP: 7/7
   819 | D        | Killed a yak
   820 | D        | Reached skill level 10 in Axes
   829 | D        | Killed a wyvern
   829 | D        | Reached ***** piety under Trog
   830 | D        | Reached skill level 10 in Fighting
   830 | D        | Reached skill level 5 in Armour
   927 | D        | Noticed a centaur warrior
   927 | D        | Noticed a gargoyle
   927 | D        | Noticed a boulder beetle
   927 | D        | Noticed a deep elf pyromancer
   927 | D        | Noticed a manticore
   927 | D        | Noticed a manticore
   939 | D        | Noticed a fire elemental
   939 | D        | Killed a centaur warrior
   940 | D        | Reached skill level 12 in Axes
   940 | D        | Gained mutation: You have sharp toenails. [demonic
                  | ancestry]
   940 | D        | Reached XP level 8. HP: 55/74 MP: 8/8
   950 | D        | Killed a gargoyle
   952 | D        | Killed a manticore
   953 | D        | Reached skill level 13 in Axes
   953 | D        | Reached XP level 9. HP: 46/81 MP: 9/9
   954 | D        | Killed a deep elf pyromancer
   954 | D        | Received a gift from Trog
   955 | D        | Reached skill level 1 in Evocations
   956 | D        | Killed a manticore
  1227 | D        | Killed a boulder beetle
  1228 | D        | Reached skill level 14 in Axes
  1444 | D        | Noticed Maurice
  1451 | D        | Killed Maurice
  1452 | D        | Reached XP level 10. HP: 88/89 MP: 3/10
  1536 | D        | Noticed a cane toad
  1536 | D        | Noticed a black mamba
  1537 | D        | Noticed a black mamba
  1540 | D        | Killed a cane toad
  1547 | D        | Killed a black mamba
  1553 | D        | Reached ****** piety under Trog
  1558 | D        | Reached skill level 15 in Axes
  1563 | D        | Killed a black mamba
  1563 | D        | Received a gift from Trog
  1842 | D        | Noticed an eight-headed hydra
  1842 | D        | Noticed a cane toad
  1842 | D        | Noticed a boulder beetle
  1956 | D        | Killed a 13-headed hydra
  1957 | D        | Reached skill level 10 in Armour
  1963 | D        | Killed a boulder beetle
  2278 | D        | Noticed a six-headed hydra
  2281 | D        | Killed a cane toad
  2282 | D        | Gained mutation: You sometimes gain a little power by
                  | taking damage. [demonic ancestry]
  2282 | D        | Reached XP level 11. HP: 98/98 MP: 3/11
  2286 | D        | Reached skill level 16 in Axes
  2294 | D        | Killed a 14-headed hydra
  2477 | D        | Received a gift from Trog
  2627 | D        | Noticed Harold
  2642 | D        | Killed Harold
  2718 | D        | Received a gift from Trog
  2888 | D        | Identified the +6 war axe of Ewoufileda {flame, rPois}
                  | (Trog gifted it to you in the Dungeon)
  2888 | D        | Received a gift from Trog
  2914 | D        | Reached skill level 17 in Axes
  2917 | D        | Received a gift from Trog
  3154 | D        | Found Sic Ner's Distillery.
  3154 | D        | Noticed an orc sorcerer
  3154 | D        | Noticed an orc sorcerer
  3154 | D        | Noticed an orc sorcerer
  3155 | D        | Noticed an orc sorcerer
  3161 | D        | Killed an orc sorcerer
  3162 | D        | Found Neve's General Store.
  3170 | D        | Killed an orc sorcerer
  3173 | D        | Killed an orc sorcerer
  3173 | D        | Received a gift from Trog
  3174 | D        | Found Coop's Weapon Emporium.
  3175 | D        | Killed an orc sorcerer
  3181 | D        | Found Geeqokut's Book Shoppe.
  3184 | D        | Noticed an orc sorcerer
  3194 | D        | Paralysed by an orc sorcerer for 7 turns
  3198 | D        | Noticed an orc sorcerer
  3202 | D        | Killed an orc sorcerer
  3202 | D        | Received a gift from Trog
  3209 | D        | Killed an orc sorcerer
  3281 | D        | Bought a potion of haste for 120 gold pieces
  3281 | D        | Bought 2 potions of haste for 240 gold pieces
  3281 | D        | Bought a scroll of enchant weapon for 90 gold pieces
  3281 | D        | Bought a potion of might for 48 gold pieces
  3283 | D        | Bought a potion of cancellation for 104 gold pieces
  3283 | D        | Bought a potion of mutation for 104 gold pieces
  3283 | D        | Bought a potion of heal wounds for 65 gold pieces
  3283 | D        | Bought a potion of curing for 39 gold pieces
  3283 | D        | Bought a potion of curing for 39 gold pieces
  3283 | D        | Bought a potion of haste for 130 gold pieces
  3283 | D        | Bought a potion of heal wounds for 65 gold pieces
  3283 | D        | Bought a potion of curing for 39 gold pieces
  3283 | D        | Bought a potion of curing for 39 gold pieces
  3283 | D        | Bought a potion of curing for 39 gold pieces
  3283 | D        | Bought a potion of curing for 39 gold pieces
  3285 | D        | Bought a potion of lignification for 36 gold pieces
  3446 | D        | Noticed Erica
  3455 | D        | Killed Erica
  3521 | D        | Noticed Sonja
  3524 | D        | Killed Sonja
  3524 | D        | Received a gift from Trog
  3525 | D        | Reached skill level 18 in Axes
  3658 | D        | Noticed a purple ugly thing
  3658 | D        | Noticed an orc knight
  3658 | D        | Noticed a wizard
  3661 | D        | Noticed a wolf spider
  3662 | D        | Reached skill level 15 in Fighting
  3662 | D        | Noticed a cyan ugly thing
  3666 | D        | Killed a purple ugly thing
  3667 | D        | Reached XP level 12. HP: 109/109 MP: 12/12
  3667 | D        | Noticed a deep troll earth mage
  3674 | D        | Noticed an ettin
  3681 | D        | Noticed a stone giant
  3682 | D        | Received a gift from Trog
  3688 | D        | Noticed a fire dragon
  3695 | D        | Reached skill level 1 in Shields
  3696 | D        | Killed a deep troll earth mage
  3699 | D        | Killed a stone giant
  3699 | D        | Received a gift from Trog
  3702 | D        | Killed an ettin
  4015 | D        | Noticed a frost giant
  4026 | D        | Killed a fire dragon
  4032 | D        | Killed from afar by a frost giant

Illustrated notes

Levels and vault maps discovered:
D:        linesprint [early_d, line_temple, items_1, d_10, items_2, lair_1,
          lair_end, items_3, orc_1, orc_end, items_4, d_15, swamp_1, shoals_1,
          snake_1, spider_1, d_20, vaults_1, items_5, swamp_end, shoals_end,
          snake_end, spider_end, vaults_end, d_27, items_6, zot_1, zot_end,
          crypt_end, forest_end, elf_end, slime_end, tomb_end, abyss_end,
          pan_hell_end]

Skill      XL: |  1  2  3  4  5  6  7  8  9 10 11 12 |
---------------+-------------------------------------+-----
Axes           | 5 6 8 9 12 13 14 15 18 | 18.6
Armour         | 2 3 4 6 7 8 10 12 13 | 13.3
Dodging        | 3 4 5 6 7 8 |  8.6
Fighting       | 5 6 8 9 10 11 12 13 15 | 15.8
Stealth        | 1 2 3 |  3.6
Evocations     | 2 3 4 |  4.0
Shields        | 2 |  2.0
Throwing       | |  0.6

Action                   |  1- 3 |  4- 6 |  7- 9 | 10-12 || total
-------------------------+-------+-------+-------+-------++-------
Melee: Hand axe          |    21 |    31 |    33 |       ||    85
       Kick              |       |       |     7 |    25 ||    32
       Battleaxe         |       |       |    13 |   141 ||   154
       War axe           |       |       |       |    77 ||    77
Throw: Throwing net      |       |       |       |     1 ||     1
Invok: Berserk           |     1 |     2 |     3 |     9 ||    15
       Brothers in Arms  |       |       |       |     3 ||     3
Evoke: Wand              |       |       |     4 |     6 ||    10
  Use: Potion            |       |       |     2 |     2 ||     4
       Scroll            |       |       |       |     1 ||     1
Armor: Animal skin       |     2 |     3 |       |       ||     5
       Chain mail        |       |     3 |    23 |   117 ||   143
Dodge: Dodged            |    10 |     9 |    16 |    99 ||   134
Block: Tower shield      |       |       |       |    21 ||    21

Table legend: (Time is in decaauts)
 A = Elapsed time spent in this place.
 B = Non-inter-level travel time spent in this place.
 C = Inter-level travel time spent in this place.
 D = Time resting spent in this place.
 E = Time spent auto-exploring this place.
 F = Levels seen in this place.
 G = Mean time per level.
                   A        B        C        D        E       F      G
               +--------+--------+--------+--------+--------+-----+--------+
         Total |   4105 |   4105 |      0 |   2380 |    756 |   1 | 4105.0 |
       Dungeon |   4105 |   4105 |      0 |   2380 |    756 |   1 | 4105.0 |
               +--------+--------+--------+--------+--------+-----+--------+

Top non-repeatable levels by time:
       D: 4105 daAuts
